 Dungeon Crawl Stone Soup version 0.27-a0-1137-g3ef0f4ec91 (webtiles) character file.

Game seed: 8896648669749831826

51 pokeman the Magician (level 3, 0/20 HPs)
             Began as a Deep Elf Hedge Wizard on May 6, 2021.
             Slain by Sigmund
             ... wielding a +0 scythe
              (6 damage)
             ... on level 2 of the Dungeon.
             The game lasted 00:03:40 (1814 turns).

pokeman the Magician (Deep Elf Hedge Wizard)        Turns: 1814, Time: 00:03:40

Health: 0/20       AC:  2    Str:  7    XL:     3   Next: 58%
Magic:  0/11       EV: 12    Int: 25    God:
Gold:   54         SH:  0    Dex: 14    Spells: 1/12 levels left

rFire    . . .     SeeInvis .   a - +0 dagger
rCold    . . .     Faith    .   (no shield)
rNeg     . . .     Spirit   .   b - +0 robe
rPois    .         Reflect  .   c - +0 hat
rElec    .         Harm     .   (no cloak)
rCorr    .         Rampage  .   (no gloves)
Will     .....                  (no boots)
Stlth    ++........             (no amulet)
HPRegen  0.06/turn              g - +6 ring of intelligence
MPRegen  0.12/turn              (no ring)

@: no status effects
A: no striking features
a: no special abilities


You were on level 2 of the Dungeon.
You visited 1 branch of the dungeon, and saw 2 of its levels.

You collected 54 gold pieces.

Inventory:

Hand Weapons
 a - a +0 dagger (weapon)
Missiles
 f - 50 arrows
Armour
 b - a +0 robe (worn)
 c - a +0 hat (worn)
Jewellery
 g - a +6 ring of intelligence (left hand)
Scrolls
 e - a scroll of silence {unknown}
 j - a scroll of magic mapping {unknown}
 m - 2 scrolls of identify {unknown}
Potions
 d - 2 potions of resistance {unknown}
 h - a potion of might {unknown}
 i - a potion of degeneration {unknown}
 k - a potion of curing {unknown}
 l - 2 potions of magic {unknown}


   Skills:
 - Level 1.0 Fighting
 - Level 1.0 Armour
 + Level 2.4 Dodging
 - Level 2.4 Stealth
 * Level 5.3 Spellcasting
 + Level 2.0 Conjurations
 - Level 1.1 Summonings
 - Level 1.1 Translocations
 + Level 0.0 Fire Magic


You had one spell level left.
You knew the following spells:

 Your Spells              Type           Power      Damage    Failure   Level
a - Magic Dart            Conj           64%        1d6       3%          1
b - Mephitic Cloud        Conj/Pois/Air  9%         N/A       19%         3
c - Call Imp              Summ           12%        N/A       8%          2
d - Blink                 Tloc           N/A        N/A       8%          2
e - Conjure Flame         Conj/Fire      11%        6-21      16%         3

Your spell library contained the following spells:

 Spells                   Type           Power      Damage    Failure   Level
 Slow                     Hex            6%         N/A       12%         2


Dungeon Overview and Level Annotations

Branches:
Dungeon (2/15)

Altars:
Elyvilon

Shops:
D:2 (

Annotations:
D:2 Sigmund


Message History

The magic dart hits you!
Casting: Conjure Flame (extremely dangerous; 16% risk of failure)
Confirm with . or Enter, or press ? or * to list all spells.
The spell is extremely dangerous to cast (19% risk of failure)!
Continue anyway?
Aiming: Mephitic Cloud (extremely dangerous; 19% risk of failure)
Press: ? - help, Shift-Dir - straight line The ball explodes into a vile cloud!
The stinking cloud engulfs something but does no damage.
Casting: Mephitic Cloud (extremely dangerous; 19% risk of failure)
Confirm with . or Enter, or press ? or * to list all spells.
The spell is extremely dangerous to cast (16% risk of failure)!
Continue anyway?
The fire begins to smoulder!
The fire ignites!
You start resting.
You hear some strange, mumbled words.
A puff of flame appears from out of thin air!
The puff of flame hits you!
* * * LOW HITPOINT WARNING * * *
Casting: Conjure Flame (extremely dangerous; 16% risk of failure)
Confirm with . or Enter, or press ? or * to list all spells.
You can't see any susceptible monsters within range! (Use Z to cast anyway.)
There is a strange disturbance nearby!
Casting: Conjure Flame (extremely dangerous; 16% risk of failure)
Confirm with . or Enter, or press ? or * to list all spells.
The spell is extremely dangerous to cast (19% risk of failure)!
Continue anyway?
Aiming: Mephitic Cloud (extremely dangerous; 19% risk of failure)
Press: ? - help, Shift-Dir - straight line The ball explodes into a vile cloud!
The stinking cloud engulfs something but does no damage.
You hit something but do no damage.
Really walk into that cloud of noxious fumes? [Y]es or [N]o only, please.
Really walk into that cloud of noxious fumes?
Okay, then.
You closely miss something.
Something wonders, "What am I doing in here?"
You hit something but do no damage.
Something screams, "I'll kill you anyway!"
You barely miss something. Something hits you.
You die...

................### ##.
......##........################.
......##.#..._.....5.g.@.........
...#............########.....##..
...##..............####.......#..
......#####.....##..##.........#.
.....######...#......#.........##
..........#...#####............##
######..#......{@..............##
##..###########........†..##
#.....<..########...........
#....†..@...................
#.)......########..†..)...##
#.....##.....#....>........
...B......(.....####........
.....÷..........###......... #
.....>..........#...##.....#


There were no monsters in sight!

Vanquished Creatures
  An adder (D:2)
  2 dart slugs
  5 ball pythons
  2 bats
  2 endoplasms (D:2)
  3 giant cockroaches
  6 goblins
  3 hobgoblins
  2 kobolds (D:1)
  2 quokkas (D:2)
  2 frilled lizards
  4 rats
34 creatures vanquished.

Notes
Turn   | Place    | Note
-------+----------+-------------------------------------------
     0 | D:1      | pokeman the Deep Elf Hedge Wizard began the quest for the
                  | Orb.
     0 | D:1      | Reached XP level 1. HP: 10/10 MP: 7/7
   335 | D:1      | Reached XP level 2. HP: 15/15 MP: 4/9
  1064 | D:2      | Reached skill level 5 in Spellcasting
  1064 | D:2      | Reached XP level 3. HP: 20/20 MP: 4/11
  1180 | D:2      | Learned a level 3 spell: Mephitic Cloud
  1183 | D:2      | Learned a level 2 spell: Call Imp
  1186 | D:2      | Learned a level 2 spell: Blink
  1190 | D:2      | Learned a level 3 spell: Conjure Flame
  1286 | D:2      | Found a white marble altar of Elyvilon.
  1386 | D:2      | Found Masymemeng's Weapon Emporium.
  1395 | D:2      | Found a faded altar of an unknown god.
  1490 | D:2      | Reached skill level 1 in Fighting
  1547 | D:2      | Reached skill level 1 in Armour
  1547 | D:2      | Noticed Sigmund
  1814 | D:2      | Slain by Sigmund

Illustrated notes

Levels and vault maps discovered:
D:1:      onia_arrival_mini_spirals, layout_loops_cross, minmay_misc_feat_plants
D:2:      minmay_thinvault, layout_rooms, basic_altar, serial_shops,
          shop_statue, hellmonk_ecumenical_altar_heavens_door, uniq_sigmund

Skill      XL: |  1  2  3 |
---------------+----------+-----
Spellcasting   | 5 |  5.3
Fighting       | 1 |  1.0
Armour         | 1 |  1.0
Conjurations   | 2 |  2.0
Dodging        | |  2.4
Stealth        | |  2.4
Summonings     | |  1.1
Translocations | |  1.1

Action                   || total
-------------------------++-------
Melee: Dagger            ||    23
 Cast: Magic Dart        ||    81
       Conjure Flame     ||     3
       Mephitic Cloud    ||     3
       Call Imp          ||     1
Armor: Robe              ||     6
Dodge: Dodged            ||    14

Table legend: (Time is in decaauts)
 A = Elapsed time spent in this place.
 B = Non-inter-level travel time spent in this place.
 C = Inter-level travel time spent in this place.
 D = Time resting spent in this place.
 E = Time spent auto-exploring this place.
 F = Levels seen in this place.
 G = Mean time per level.
                   A        B        C        D        E       F      G
               +--------+--------+--------+--------+--------+-----+--------+
         Total |   1814 |   1786 |     28 |    160 |   1377 |   2 |  907.0 |
       Dungeon |   1814 |   1786 |     28 |    160 |   1377 |   2 |  907.0 |
               +--------+--------+--------+--------+--------+-----+--------+

Top non-repeatable levels by time:
     D:1: 1112 daAuts
     D:2: 702 daAuts
